 Dungeon Crawl Stone Soup version 0.30-a0-743-gbfdf073431 (webtiles) character file.

Game seed: 16417189995723436445

49 Leeroy the Slasher (level 3, 0/18 HPs)
             Began as a Vine Stalker Warper on Feb 6, 2023.
             Killed by nerve-wracking pain
             ... invoked by an orc priest
              (7 damage)
             ... on level 3 of the Dungeon.
             The game lasted 00:01:40 (1755 turns).

Leeroy the Slasher (Vine Stalker Warper)            Turns: 1755, Time: 00:01:40

Health: 0/18       AC:  4    Str: 13    XL:     3   Next: 77%
Magic:  0/7        EV: 11    Int: 13    God:
Gold:   84         SH:  0    Dex: 15    Spells: 1/6 levels left

rFire   . . .      SeeInvis .    a - +0 falchion
rCold   . . .      Faith    .    (no shield)
rNeg    . . .      Spirit   +    b - +0 leather armour
rPois   .          Reflect  .    k - +0 helmet
rElec   .          Harm     .    (no cloak)
rCorr   .          Rampage  .    (no gloves)
Will    .....                    (no boots)
Stlth   +                        (no amulet)
HPRegen 0.23/turn                h - ring of flight
MPRegen 0.10/turn                (no ring)

@: flying
A: fangs 2, magic shield, antimagic bite, no potion heal 2
a: no special abilities


You were on level 3 of the Dungeon.
You visited 1 branch of the dungeon, and saw 3 of its levels.

You collected 84 gold pieces.

Inventory:

Hand Weapons
 a - a +0 falchion (weapon)
 m - the +5 mace "Lefenilo" {freeze, +Blink rPois rCorr Int+2}
   (You found it on level 2 of the Dungeon)

   Int:       It affects your intelligence (+2).
   rPois:     It protects you from poison.
   +Blink:    It lets you blink.
   rCorr:     It protects you from acid and corrosion.
 o - the +0 hand axe of Oenomania {flame, rN++ MP-9 Dex+6}
   (You found it on level 2 of the Dungeon)

   Dex:       It affects your dexterity (+6).
   rN:        It greatly protects you from negative energy.
   MP:        It affects your magic capacity (-9).
Missiles
 d - 6 boomerangs of dispersal (quivered)
Armour
 b - a +0 leather armour (worn)
 k - a +0 helmet (worn)
Jewellery
 h - a ring of flight (left hand)
Scrolls
 c - 2 scrolls of blinking
 i - a scroll of fear {unknown}
 l - a scroll of magic mapping {unknown}
 n - a scroll of enchant weapon {unknown}
 p - 2 scrolls of identify {unknown}
 q - a scroll of amnesia {unknown}
Potions
 e - 2 potions of resistance {unknown}
 f - a potion of might {unknown}
 g - 2 potions of curing {unknown}
 j - 2 potions of heal wounds {unknown}


   Skills:
 - Level 1.7 Fighting
 + Level 3.6 Long Blades
 - Level 0.8 Throwing
 - Level 0.7 Armour
 - Level 1.5 Dodging
 - Level 2.1 Spellcasting
 - Level 3.0 Translocations


You had one spell level left.
You knew the following spells:

 Your Spells              Type           Power      Damage    Failure   Level
a - Blink                 Tloc           18%        N/A       14%         2
b - Vhi's Electric Charg  Tloc/Air       10%        N/A       45%         3

Your spell library contained the following spells:

 Spells                   Type           Power      Damage    Failure   Level
 Lesser Beckoning         Tloc           18%        N/A       14%         2
 Gell's Gravitas          Tloc           9%         N/A       28%         3
 Teleport Other           Tloc           9%         N/A       28%         3
 Portal Projectile        Hex/Tloc       10%        N/A       45%         3
 Call Canine Familiar     Summ           1%         N/A       67%         3
 Manifold Assault         Tloc           9%         N/A       67%         4
 Leda's Liquefaction      Hex/Erth       0%         N/A       97%         4


Dungeon Overview and Level Annotations

Branches:
Dungeon (3/15)

Altars:
Gozag

Shops:
D:1 (*:


Innate Abilities, Weirdness & Mutations

You have extremely sharp teeth.
When hurt, damage is shared between your health and your magic reserves.
Your bite disrupts and absorbs the magic of your enemies.
Potions cannot restore your health.


Message History

The orc shouts!
An orc wizard comes into view. It is wielding a +0 dagger.
The orc hits you with a +0 falchion. The orc closely misses you.
The orc wizard moves out of view.
You hit the orc.
You kill the orc!
A bat comes into view.
You hit the orc.
The orc is lightly wounded.
The orc misses you.
An orc comes into view. It is wielding a +0 club.
You barely miss the orc. Your bite misses the orc.
The orc is lightly wounded.
The orc hits you with a +0 flail. The orc closely misses you.
You hit the orc but do no damage.
The orc is lightly wounded.
The orc closely misses you. x2
You hit the orc but do no damage. You bite the orc, but do no damage.
The orc is lightly wounded.
The orc hits you with a +1 dagger of protection.
The orc priest looks braver for a moment.
The orc hits you with a +0 flail.
You hit the orc but do no damage. You bite the orc, but do no damage.
The orc is lightly wounded.
The orc priest misses you. The orc closely misses you. x2
You hit the orc but do no damage. Your bite misses the orc.
The orc is lightly wounded.
The orc priest invokes the aid of Beogh against you.
Pain shoots through your body!
The orc hits you with a +1 dagger of protection.
The orc wizard mumbles some strange words.
The orc wizard flickers and vanishes!
Deactivating autopickup; reactivate with Ctrl-A.
The orc closely misses you.
You are too injured to fight recklessly!
The orc priest attacks as you move away!
The orc priest barely misses you.
The orc priest mumbles some strange prayers to Beogh against you.
Pain shoots through your body!
You die...

#.##.#.#.. ## #.<#.#.###
.. ####.#.... #. #.#.###
#. ###...... # #.
#.....### ... #[ #...<.#
...oo#o##########.....###
...oo{o.@............†...
#...##o###$#.####......##
. ..b #.............##
#.##. #...####........ ..
#####...#........### #.
.........#.#......### .
###........#.........
#####....##########
#.##...#


You could see an orc priest and 6 orcs.

Vanquished Creatures
  An adder (D:2)
  An orc (D:3)
  4 ball pythons
  5 endoplasms
  2 giant cockroaches
  3 goblins
  4 hobgoblins
  A quokka (D:1)
  3 bats (D:1)
  A frilled lizard (D:1)
  8 kobolds
  2 rats
35 creatures vanquished.

Notes
Turn   | Place    | Note
-------+----------+-------------------------------------------
     0 | D:1      | Leeroy the Vine Stalker Warper began the quest for the Orb.
     0 | D:1      | Reached XP level 1. HP: 11/11 MP: 4/4
   126 | D:1      | Found Xegyzol's Book Boutique.
   138 | D:1      | Reached XP level 2. HP: 14/15 MP: 4/6
   196 | D:1      | Found Qiphew's Assorted Antiques.
   362 | D:1      | Found Vitrinifol's Weapon Shoppe.
   595 | D:1      | Reached XP level 3. HP: 18/18 MP: 7/7
   904 | D:2      | Identified the +5 mace "Lefenilo" {freeze, +Blink rPois
                  | rCorr Int+2}
   953 | D:2      | Learned a level 2 spell: Blink
  1050 | D:2      | Identified the +0 hand axe of Oenomania {flame, rN++ MP-9
                  | Dex+6}
  1327 | D:2      | Found an opulent altar of Gozag.
  1527 | D:2      | Learned a level 3 spell: Vhi's Electric Charge
  1755 | D:3      | Killed from afar by an orc priest

Illustrated notes

Levels and vault maps discovered:
D:1:      evilmike_arrival_crescent, layout_loops_cross, serial_shops,
          nicolae_shop_competitors_out_of_business, nicolae_square_shop,
          nicolae_shop_temple_entry_statues_fountains
D:2:      layout_loops_corners, basic_altar
D:3:      layout_basic, gammafunk_ghost_abyssal_escape

Skill      XL: |  1  2 |
---------------+-------+-----
Long Blades    | 2 3 |  3.6
Fighting       | |  1.7
Throwing       | |  0.8
Armour         | |  0.7
Dodging        | |  1.5
Spellcasting   | |  2.1
Translocations | |  3.0

Action                     || total
---------------------------++-------
  Melee: Falchion          ||    99
         Bite              ||    15
         Punch             ||     1
  Throw: Boomerang         ||     1
   Stab: Sleeping          ||     2
 Armour: Leather armour    ||    30
  Dodge: Dodged            ||    90

Table legend: (Time is in decaauts)
 A = Elapsed time spent in this place.
 B = Non-inter-level travel time spent in this place.
 C = Inter-level travel time spent in this place.
 D = Time resting spent in this place.
 E = Time spent auto-exploring this place.
 F = Levels seen in this place.
 G = Mean time per level.
                   A        B        C        D        E       F      G
               +--------+--------+--------+--------+--------+-----+--------+
         Total |   1770 |   1646 |    124 |     38 |   1325 |   3 |  590.0 |
       Dungeon |   1770 |   1646 |    124 |     38 |   1325 |   3 |  590.0 |
               +--------+--------+--------+--------+--------+-----+--------+

Top non-repeatable levels by time:
     D:1: 907 daAuts
     D:2: 785 daAuts
     D:3: 77 daAuts
